 Dungeon Crawl Stone Soup version 0.29.1-4-g47bece8355 (webtiles) character file.

Game seed: 18159480937119331051

287 GigaChad the Covered (level 6, -8/53 HPs)
             Began as a Minotaur Fighter on Dec 5, 2022.
             Was a Follower of Trog.
             Mangled by a gnoll
             ... wielding a +4 halberd
              (17 damage)
             ... on level 4 of the Dungeon.
             The game lasted 00:04:49 (4525 turns).

GigaChad the Covered (Minotaur Fighter)             Turns: 4525, Time: 00:04:50

Health: -8/53      AC: 11    Str: 22    XL:     6   Next: 8%
Magic:  5/5        EV:  9    Int:  5    God:    Trog [*.....]
Gold:   180        SH:  4    Dex: 10    Spells: 5/5 levels left

rFire   . . .      SeeInvis .   a - +0 war axe
rCold   . . .      Faith    .   c - +0 buckler
rNeg    . . .      Spirit   .   b - +0 scale mail
rPois   .          Reflect  .   (helmet restricted)
rElec   .          Harm     .   (no cloak)
rCorr   .          Rampage  .   (no gloves)
Will    .....                   (no boots)
Stlth   ..........              (no amulet)
HPRegen 0.17/turn               p - +4 ring of protection
MPRegen 0.09/turn               (no ring)

@: no status effects
A: horns 2, retaliatory headbutt
a: Renounce Religion, Berserk


You were on level 4 of the Dungeon.
You worshipped Trog.
Trog was aware of your devotion.
You visited 1 branch of the dungeon, and saw 4 of its levels.

You collected 180 gold pieces.

Inventory:

Hand Weapons
 a - a +0 war axe (weapon)
Armour
 b - a +0 scale mail (worn)
 c - a +0 buckler (worn)
Jewellery
 p - a +4 ring of protection (left hand)
Wands
 n - a wand of flame (15)
Scrolls
 e - 2 scrolls of enchant weapon {unknown}
 f - 5 scrolls of identify {unknown}
 i - a scroll of teleportation
 k - 2 scrolls of poison {unknown}
 l - a scroll of noise {unknown}
 m - a scroll of acquirement {unknown}
 o - a scroll of enchant armour {unknown}
 r - a scroll of blinking {unknown}
Potions
 d - 3 potions of might
 g - 3 potions of curing {unknown}
 h - a potion of attraction {unknown}
 j - 4 potions of berserk rage {unknown}
 q - a potion of haste {unknown}


   Skills:
 + Level 4.4 Fighting
 + Level 5.0 Axes
 + Level 5.5 Armour
 + Level 1.1 Dodging
 + Level 0.5 Stealth
 + Level 4.3 Shields


You had 5 spell levels left.
You didn't know any spells.
Your spell library contained the following spells:

 Spells                   Type           Power      Damage    Failure   Level
 Call Canine Familiar     Summ           0%         N/A       99%         3
 Portal Projectile        Hex/Tloc       0%         N/A       99%         3
 Leda's Liquefaction      Hex/Erth       0%         N/A       100%        4


Dungeon Overview and Level Annotations

Branches:
Dungeon (4/15)
 Temple: D:4-7

Altars:
Qazlal
Trog
Zin

Shops:
D:2 *


Innate Abilities, Weirdness & Mutations

You have a pair of horns on your head.
You reflexively headbutt those who attack you in melee.


Message History

The gnoll hits you from afar with a +4 halberd!
You slash the worm!
The worm is moderately wounded.
The gnoll closely misses you.
You slash the worm!
The worm is almost dead.
The gnoll hits you from afar with a +4 halberd.
The worm bites you but does no damage.
A gnoll comes into view. It is wielding a +0 club.
You hit the worm but do no damage.
The worm is almost dead.
The gnoll closely misses you. The worm bites you!
You barely miss the worm. You headbutt the worm.
You kill the worm!
Trog accepts your kill.
The gnoll hits you from afar with a +4 halberd!
You block the gnoll's attack. 2 gnolls come into view.
The gnoll shouts! x2
The gnoll hits you with a +4 halberd. You block the gnoll's attack.
There is an open door here.
You barely miss the gnoll. You hit the gnoll. The gnoll closely misses you. x2
You furiously retaliate!
You headbutt the gnoll. You hit the gnoll. You headbutt the gnoll.
The gnoll is severely wounded.
You barely miss the gnoll. You hit the gnoll but do no damage.
The gnoll barely misses you. The gnoll hits you with a +4 halberd!
The gnoll hits you with a +0 club.
* * * LOW HITPOINT WARNING * * *
You hit the gnoll. Your headbutt misses the gnoll.
The gnoll is almost dead.
You hit the gnoll. You barely miss the gnoll.
The gnoll hits you but does no damage. The gnoll barely misses you.
The gnoll misses you.
You barely miss the gnoll.
The gnoll is almost dead.
You closely miss the gnoll. x2; The gnoll hits you with a +0 club.
* * * LOW HITPOINT WARNING * * *
The gnoll hits you with a +4 halberd!
You die...

# #######. #....#.♣
#....#.# ... #...g#.#
... #.@g# .... #.#g#
..... #.#g#
.....#####.#.♣
...........##.
............######
#.............########
#.........###........#
#....................#


You could see 4 gnolls.

Vanquished Creatures
  The ghost of fantasyman the Ruffian, an amateur VSTm (D:3)
  An ogre (D:3)
  4 adders
  4 worms
  A dart slug (D:3)
  6 ball pythons
  7 endoplasms
  2 giant cockroaches
  3 goblins
  7 hobgoblins
  4 quokkas
  4 bats
  2 frilled lizards
  4 kobolds
  9 rats
59 creatures vanquished.

Notes
Turn   | Place    | Note
-------+----------+-------------------------------------------
     0 | D:1      | GigaChad the Minotaur Fighter began the quest for the Orb.
     0 | D:1      | Reached XP level 1. HP: 19/19 MP: 0/0
   303 | D:1      | Reached XP level 2. HP: 25/27 MP: 1/1
  1269 | D:2      | Reached XP level 3. HP: 23/33 MP: 2/2
  1615 | D:2      | Found Butefem's General Store.
  1754 | D:2      | Noticed a great orb of eyes
  1756 | D:2      | Found a faded altar of an unknown god.
  1758 | D:2      | Noticed a floating eye
  1758 | D:2      | Noticed a shining eye
  1758 | D:2      | Noticed a golden eye
  1845 | D:2      | Prayed at the altar of an unknown god.
  1845 | D:2      | Became a worshipper of Trog the Wrathful
  1845 | D:2      | Reached * piety under Trog
  2027 | D:2      | Reached XP level 4. HP: 6/40 MP: 3/3
  2027 | D:2      | HP: 1/40 [frozen (5)]
  2887 | D:3      | Found a glowing silver altar of Zin.
  3249 | D:3      | Noticed an ogre
  3258 | D:3      | Killed an ogre
  3259 | D:3      | Reached skill level 5 in Armour
  3259 | D:3      | Reached XP level 5. HP: 30/46 MP: 4/4
  3403 | D:3      | Found a large runed translucent door.
  3405 | D:3      | Found a large runed translucent door.
  3415 | D:3      | Found a stormy altar of Qazlal.
  3435 | D:3      | Noticed fantasyman's ghost (amateur VSTm)
  3962 | D:3      | Killed fantasyman's ghost
  3963 | D:3      | Reached skill level 5 in Axes
  3963 | D:3      | Reached skill level 1 in Dodging
  3963 | D:3      | Reached XP level 6. HP: 29/53 MP: 5/5
  4525 | D:4      | Mangled by a gnoll

Illustrated notes

Levels and vault maps discovered:
D:1:      scummos_arrival_gate, layout_loops_corners
D:2:      mumra_celtic_spiral_tile, layout_basic,
          hellmonk_ecumenical_altar_watching_god, serial_shops,
          nicolae_shop_waterfront
D:3:      layout_basic, nicolae_qazlal_eye_of_the_storm,
          mainiacjoe_overflow_alcove_1, ebering_ghost_disaster_area
D:4:      cheibrodos_quashed, layout_basic, minmay_temple_entry_crystal_x,
          minivault_14, st_stairs_8, minivault_1, grunt_ministairs_11,
          serial_park_tiny_pond

Skill      XL: |  1  2  3  4  5 |
---------------+----------------+-----
Axes           | 3 4 5 |  5.0
Armour         | 4 5 |  5.5
Shields        | 4 |  4.3
Fighting       | 4 |  4.4
Dodging        | 1 |  1.1
Stealth        | |  0.5

Action                   |  1- 3 |  4- 6 || total
-------------------------+-------+-------++-------
Melee: War axe           |    86 |    39 ||   125
       Headbutt          |    11 |    10 ||    21
  Use: Scroll            |       |     1 ||     1
Armor: Scale mail        |    49 |    11 ||    60
Dodge: Dodged            |    43 |    18 ||    61
Block: Buckler           |    20 |     6 ||    26
